cohdb
Replays
Latest Replays
All Replays
Popular Replays
Top Player Replays
Match Explorer
How It Works
Community
CoH3 Stats
Reddit
Sign in to upload your games and track your stats! →
Sign in with Steam
Match 45708360
Unlisted
Match 45708360
Overview
Messages
Build Orders
End
Kradschützen Motorcycle Team
Panzergrenadier Squad
250 Light Carrier
Construct Light Support Kompanie
Combat Half-tracks
MG34 Team
Assault Grenadier Squad
Construct Mechanized Kompanie
Support Armor Elements
StuG III D Assault Gun
2.5-tonne Medical Truck
254 Reconnaissance Tractor
StuG III D Assault Gun
Veteran Squad Leaders
Vehicle Survival Package
2.5-tonne Medical Truck
Construct Panzerarmee Kommand
le.IG 18 Mechanized Group
Advanced Field Repairs
~TAB~ THUND3RCHUNKY
Demi
Arwootarch
BazookaJoe
0
0
Comments
sign in to comment!
No comments posted yet!